 Dungeon Crawl Stone Soup version 0.18.1-8-gdd0e5ea (webtiles) character file.

12054 Jerry the Cruncher (level 11, -4/83 HPs)
             Began as a Minotaur Gladiator on May 24, 2016.
             Was a High Priest of Pakellas.
             Killed by Ozocubu's Refrigeration
             ... invoked by Fannar
              (21 damage)
             ... on level 1 of the Lair of Beasts.
             The game lasted 01:07:52 (12600 turns).

Jerry the Cruncher (Minotaur Gladiator)            Turns: 12600, Time: 01:07:53

Health: -4/83      AC: 20    Str: 28    XL:     11   Next: 57%
Magic:  13/13      EV:  3    Int:  5    God:    Pakellas [*****.]
Gold:   860        SH: 16    Dex: 11    Spells: 0 memorised, 10 levels left

rFire  . . .     SeeInvis .     N - +3 mace
rCold  . . .     Gourm    .     D - +0 plate armour
rNeg   . . .     Faith    .     x - +0 shield
rPois  +         Spirit   .     c - +0 hat
rElec  .         Dismiss  .     G - +2 cloak
rCorr  .         Reflect  +     B - +0 pair of gloves
SustAt .         Harm     .     (no boots)
MR     .....                    J - +3 amulet of reflection
Stlth  ..........               V - ring of poison resistance
                                q - +5 ring of strength

@: not resistant to hostile enchantments, extremely unstealthy
A: retaliatory headbutt, horns 2
a: Quick Charge, Device Surge, Renounce Religion


You were on level 1 of the Lair of Beasts.
You worshipped Pakellas.
Pakellas was extremely pleased with you.
You were not hungry.

You visited 3 branches of the dungeon, and saw 14 of its levels.

You collected 860 gold pieces.

Inventory:

Hand Weapons
 a - a +0 quarterstaff
 N - a +3 mace (weapon)
Missiles
 I - 5 silver javelins
 Q - a throwing net (quivered)
Armour
 c - a +0 hat (worn)
 x - a +0 shield (worn)
 B - a +0 pair of gloves (worn)
 D - a +0 plate armour (worn)
 G - a +2 cloak (worn)
Rods
 v - a +0 rod of inaccuracy (12/12)
   (Pakellas gifted it to you on level 10 of the Dungeon)
Jewellery
 b - an uncursed amulet of dismissal
 n - an uncursed amulet of regeneration
 q - a +5 ring of strength (left hand)
 J - a +3 amulet of reflection (around neck)
 K - a +4 ring of protection
 V - a ring of poison resistance (right hand)
 Y - an uncursed ring of fire
Wands
 p - a wand of acid (4/15)
 u - a wand of digging (14/24)
 w - a wand of confusion (5/48)
 A - a wand of disintegration (6/24)
 E - a wand of acid (0/15)
 F - a wand of slowing (20/48)
 H - a wand of disintegration (13/24)
 S - a wand of lightning (10/15)
 T - a wand of paralysis (13/24)
 Z - a wand of lightning (2/15)
Scrolls
 d - a scroll of fear {unknown}
 h - 5 scrolls of identify
 t - 3 scrolls of noise
 y - 2 scrolls of teleportation
 z - a scroll of remove curse
 M - a scroll of silence
Potions
 e - 2 potions of lignification
 g - a potion of brilliance
 j - 2 potions of curing
 k - a potion of heal wounds
 r - 3 potions of haste
 s - 2 potions of flight
 C - 2 potions of cancellation
 R - 2 potions of mutation {unknown}
 W - 3 potions of magic
Books
 m - a book of Necromancy

   Spells                             Type                      Level
   a - Pain                           Necromancy                   1
   b - Animate Skeleton               Necromancy                   1
   c - Vampiric Draining              Necromancy                   3
   d - Regeneration                   Charms/Necromancy            3
   e - Animate Dead                   Necromancy                   4
   f - Control Undead                 Necromancy                   4
Miscellaneous
 L - a stone of tremors (inert)
Comestibles
 f - 7 bread rations
 i - 26 fruits
 l - 7 slices of pizza
 o - 7 meat rations
 P - 2 beef jerkies


   Skills:
 - Level 3.7 Fighting
 - Level 2.0(8.7) Maces & Flails
 + Level 12.8(12.9) Staves
 - Level 2.0 Throwing
 + Level 11.9 Armour
 - Level 3.2 Dodging
 + Level 10.8 Shields
 - Level 5.2 Evocations


You had 10 spell levels left.
You didn't know any spells.

Dungeon Overview and Level Annotations

Branches:
Dungeon (12/15)            Temple (1/1) D:6            Lair (1/8) D:10
    Orc (0/2) D:9

Altars:
Ashenzari
Cheibriados
Dithmenos
Elyvilon
Fedhas
Gozag
Kikubaaqudgha
Makhleb
Nemelex Xobeh
Okawaru
Pakellas
Qazlal
Ru
Sif Muna
Trog
Vehumet
Xom
Yredelemnul
Zin
The Shining One
Beogh

Shops:
D:5 [   D:10 *

Annotations:
Lair:1 Fannar


Innate Abilities, Weirdness & Mutations

You reflexively headbutt those who attack you in melee.
You have a pair of horns on your head.


Message History

The ice beast hits you. The ice beast freezes you!
You block the ice beast's attack.
You closely miss Fannar. Your headbutt misses Fannar.
Fannar is heavily wounded.
Fannar hits you with a staff of cold. Fannar freezes you!
You block the ice beast's attack. x2
Fannar is no longer covered in acid.
The ice beast hits you but does no damage.
Fannar casts a spell.
Fannar drains the heat from the surrounding environment!
You feel very cold.
* * * LOW HITPOINT WARNING * * *
Fannar is frozen.
Fannar resists.
Fannar is heavily wounded.
There is a staircase back to the Dungeon, spattered with blood here.
Fannar casts a spell.
Fannar drains the heat from the surrounding environment!
You feel very cold.
You die...
Pakellas says: That's one more possible approach eliminated.

#### ##....
####......
##.........
##..........
##........#
##.......###
##......###
##Y@....##
##..Y..###
##.e....#
#.....###
##.....#
#.....##
##....##
#.....#
##.....#


You could see Fannar and 2 ice beasts.

Vanquished Creatures
  A hydra (D:10)
  Erolcha (D:8)
  A hill giant (D:10)
  A cyclops (D:11)
  Maurice (D:10)
  Psyche (D:8)
  A komodo dragon (Lair:1)
  A kobold demonologist (D:11)
  2 trolls
  Grinder (D:3)
  Prince Ribbit (D:7)
  A shadow (D:12)
  10 yaks
  A hungry ghost (D:8)
  A hippogriff (Lair:1)
  A steam dragon (D:8)
  Duvessa (D:7)
  2 water moccasins
  7 orc warriors
  A swamp drake (shapeshifter) (D:9)
  4 ice beasts
  2 phantoms
  4 sky beasts
  An ogre (D:6)
  3 centaurs
  2 crocodiles (D:10)
  6 big kobolds
  7 giant frogs
  Dowan (D:7)
  4 scorpions
  5 killer bees (D:7)
  2 howler monkeys (D:11)
  A centaur zombie (D:10)
  2 quasits (D:11)
  6 crimson imps
  A giant frog zombie (D:11)
  A gnoll shaman (D:4)
  A jelly (D:6)
  Crazy Yiuf (D:7)
  4 giant frog skeletons
  7 orc priests
  7 hounds
  5 iguanas
  Ijyb (D:3)
  5 orc wizards
  6 worker ants
  2 sheep (D:10)
  A hound zombie (D:5)
  A hound skeleton (D:4)
  A howler monkey zombie (D:6)
  10 gnolls
  2 howler monkey skeletons
  A worker ant zombie (D:8)
  16 adders
  5 river rats
  4 shadow imps
  An ooze (D:3)
  An adder zombie (D:5)
  2 worms
  An adder skeleton (D:4)
  2 dart slugs
  2 giant geckos
  50 orcs
  2 giant cockroaches
  10 goblins
  6 hobgoblins
  10 jackals
  13 kobolds
  8 quokkas
  20 bats
  A giant gecko skeleton (D:7)
  A giant gecko zombie (D:9)
  2 giant newts (D:1)
  14 rats
315 creatures vanquished.

Vanquished Creatures (collateral kills)
  A yak (D:11)
  An orc warrior (D:11)
  A scorpion (D:11)
  A kobold (D:11)
4 creatures vanquished.

Vanquished Creatures (others)
  A very ugly thing (D:4)
  A yak (D:9)
  An orc (D:9)
  4 fungi (D:10)
  2 plants (D:10)
9 creatures vanquished.

Grand Total: 328 creatures vanquished

Notes
Turn   | Place    | Note
--------------------------------------------------------------
     0 | D:1      | Jerry the Minotaur Gladiator began the quest for the Orb.
     0 | D:1      | Reached XP level 1. HP: 18/18 MP: 0/0
    59 | D:1      | Found an iron altar of Okawaru.
    59 | D:1      | Found a blossoming altar of Fedhas.
   340 | D:1      | Reached skill level 1 in Armour
   365 | D:1      | Reached skill level 4 in Staves
   367 | D:1      | Reached XP level 2. HP: 22/25 MP: 1/1
   846 | D:2      | Reached XP level 3. HP: 14/30 MP: 2/2
  1268 | D:2      | Found a white marble altar of Elyvilon.
  1338 | D:2      | Found an opulent altar of Gozag.
  1670 | D:3      | Reached skill level 5 in Staves
  1912 | D:3      | Reached XP level 4. HP: 30/37 MP: 3/3
  2386 | D:3      | Noticed Ijyb
  2386 | D:3      | Noticed Grinder
  2405 | D:3      | Killed Ijyb
  2422 | D:3      | Killed Grinder
  2422 | D:3      | Reached skill level 6 in Staves
  2422 | D:3      | Reached XP level 5. HP: 17/42 MP: 4/4
  2422 | D:3      | Reached XP level 6. HP: 20/50 MP: 5/5
  2722 | D:3      | Reached skill level 5 in Armour
  2944 | D:3      | Reached skill level 7 in Staves
  2966 | D:3      | Found a bloodstained altar of Trog.
  3394 | D:4      | Reached XP level 7. HP: 55/56 MP: 6/6
  3584 | D:4      | Found an oddly glowing altar of Pakellas.
  3585 | D:4      | Noticed a red very ugly thing
  3594 | D:4      | Killed a red very ugly thing
  3596 | D:4      | Became a worshipper of Pakellas the Inventive
  3721 | D:4      | Reached skill level 8 in Staves
  3857 | D:5      | Entered Level 5 of the Dungeon
  3865 | D:5      | Found Bine's Antique Armour Shoppe.
  4265 | D:5      | Reached XP level 8. HP: 62/62 MP: 7/7
  4730 | D:5      | Reached skill level 9 in Staves
  4856 | D:6      | Reached * piety under Pakellas
  4856 | D:6      | Received a gift from Pakellas
  4949 | D:5      | Reached skill level 1 in Evocations
  5229 | D:6      | Found a sacrificial altar of Ru.
  5324 | D:6      | Found a staircase to the Ecumenical Temple.
  5357 | Temple   | Entered the Ecumenical Temple
  5567 | D:6      | You fall through a shaft for 3 floors!
  5567 | D:9      | Noticed a troll
  5586 | D:8      | Reached skill level 10 in Staves
  5608 | D:8      | Reached XP level 9. HP: 37/68 MP: 10/10
  5775 | D:7      | Noticed Crazy Yiuf
  5784 | D:7      | Killed Crazy Yiuf
  5874 | D:7      | Reached ** piety under Pakellas
  5874 | D:7      | Received a gift from Pakellas
  5982 | D:7      | Found an ancient bone altar of Kikubaaqudgha.
  6056 | D:7      | Noticed Dowan
  6057 | D:7      | Noticed Duvessa
  6063 | D:7      | Killed Duvessa
  6065 | D:7      | Killed Dowan
  6087 | D:7      | Noticed Prince Ribbit
  6104 | D:7      | Killed Prince Ribbit
  6246 | D:7      | Reached skill level 10 in Armour
  6849 | D:8      | Reached skill level 11 in Staves
  6942 | D:8      | Noticed Erolcha
  7007 | D:8      | Killed Erolcha
  7007 | D:8      | Reached skill level 5 in Evocations
  7198 | D:8      | Noticed Psyche
  7241 | D:8      | Killed Psyche
  7241 | D:8      | Reached XP level 10. HP: 53/74 MP: 12/12
  7428 | D:8      | Found a radiant altar of Vehumet.
  7428 | D:8      | Found a burning altar of Makhleb.
  7991 | D:8      | Reached *** piety under Pakellas
  7991 | D:8      | Received a gift from Pakellas
  8195 | D:9      | Reached skill level 12 in Staves
  8334 | D:9      | Found a roughly hewn altar of Beogh.
  8858 | D:10     | Entered Level 10 of the Dungeon
  8866 | D:9      | Found a staircase to the Orcish Mines.
  8879 | D:9      | Reached skill level 1 in Shields
  8888 | D:9      | Reached **** piety under Pakellas
  8888 | D:9      | Received a gift from Pakellas
  9218 | D:9      | Reached skill level 1 in Maces & Flails
  9598 | D:10     | Found Ethraj's General Store.
  9853 | D:10     | Reached skill level 5 in Shields
  9985 | D:10     | Noticed a three-headed hydra
  9999 | D:10     | Killed a three-headed hydra
 10122 | D:10     | Reached XP level 11. HP: 78/83 MP: 13/13
 10215 | D:10     | Found a staircase to the Lair.
 10281 | D:10     | Noticed a hill giant
 10300 | D:10     | Killed a hill giant
 10300 | D:10     | Reached ***** piety under Pakellas
 10300 | D:10     | Received a gift from Pakellas
 10755 | D:11     | Noticed Maurice
 10976 | D:10     | Killed Maurice
 11104 | D:11     | Reached skill level 10 in Shields
 12285 | Lair:1   | Entered Level 1 of the Lair of Beasts
 12519 | Lair:1   | Noticed Fannar
 12600 | Lair:1   | Killed from afar by Fannar

Skill      XL: |  1  2  3  4  5  6  7  8  9 10 11 |
---------------+----------------------------------+-----
Armour         | 1 2 4 5 7 9 10 11 | 11.9
Staves         | 4 5 6 7 8 10 11 12 | 12.8
Evocations     | 3 5 |  5.2
Fighting       | 3 |  3.7
Shields        | 7 10 | 10.8
Maces & Flails | 2 |  2.0
Throwing       | |  2.0
Dodging        | |  3.2

Action                   |  1- 3 |  4- 6 |  7- 9 | 10-12 || total
-------------------------+-------+-------+-------+-------++-------
Melee: Quarterstaff      |    82 |    79 |   293 |   112 ||   566
       Headbutt          |     7 |    15 |    54 |   119 ||   195
       Mace              |       |       |       |   412 ||   412
Throw: Throwing net      |       |     4 |     5 |     4 ||    13
       Javelin           |       |       |       |     6 ||     6
Evoke: Wand              |       |       |    18 |    19 ||    37
       Stone of tremors  |       |       |       |     1 ||     1
       Phantom mirror    |       |       |       |     1 ||     1
  Use: Scroll            |     5 |       |     1 |    18 ||    24
       Potion            |       |     2 |     3 |       ||     5
 Stab: Distracted        |       |     1 |       |       ||     1
       Confused          |       |       |     1 |     5 ||     6
       Held in net/web   |       |       |     1 |       ||     1
       Petrified         |       |       |       |     1 ||     1
  Eat: Chunk             |     3 |     5 |    12 |    13 ||    33
       Fruit             |       |       |       |     5 ||     5
Armor: Leather armour    |    25 |     6 |    25 |    39 ||    95
       Scale mail        |       |       |    35 |       ||    35
       Plate armour      |       |       |       |   172 ||   172
       Skin              |       |       |       |     3 ||     3
Dodge: Dodged            |    46 |    62 |   147 |   149 ||   404
Block: Other             |       |       |     8 |     9 ||    17
       Shield            |       |       |       |   343 ||   343
       Reflection        |       |       |       |    11 ||    11
